 Dungeon Crawl Stone Soup version 0.29.0-13-gc9e81de378 (webtiles) character file.

Game seed: 18164552712172632649

86 xian the Sneak (level 4, 0/37 HPs)
             Began as a Draconian Brigand on Sept 9, 2022.
             Slain by a gnoll
             ... wielding a +0 club
              (6 damage)
             ... on level 2 of the Dungeon.
             The game lasted 00:04:58 (2099 turns).

xian the Sneak (Draconian Brigand)                  Turns: 2099, Time: 00:04:58

Health: 0/37       AC:  7    Str: 12 (15) XL:     4   Next: 27%
Magic:  4/4        EV: 11    Int: 10 (11) God:
Gold:   106        SH:  0    Dex: 11 (13) Spells: 3/3 levels left

rFire   . . .      SeeInvis .   a - +2 dagger
rCold   . . .      Faith    .   (no shield)
rNeg    . . .      Spirit   .   (body armour unavailable)
rPois   .          Reflect  .   (helmet restricted)
rElec   .          Harm     .   b - +0 cloak
rCorr   .          Rampage  .   l - +0 pair of gloves
Will    .....                   (no boots)
Stlth   +++.......              (no amulet)
HPRegen 0.12/turn               (no ring)
MPRegen 0.09/turn               (no ring)

@: no status effects
A: AC +5, unfitting armour, cold-blooded
a: no special abilities


You were on level 2 of the Dungeon.
You visited 1 branch of the dungeon, and saw 4 of its levels.

You collected 106 gold pieces.

Inventory:

Hand Weapons
 a - a +2 dagger (weapon)
Missiles
 c - 13 poisoned darts (quivered)
 d - 3 curare-tipped darts
 e - 2 silver javelins
Armour
 b - a +0 cloak (worn)
 l - a +0 pair of gloves (worn)
Scrolls
 f - a scroll of fear {unknown}
 g - a scroll of fog {unknown}
 h - a scroll of noise {unknown}
 i - 3 scrolls of identify {unknown}
 j - 3 scrolls of blinking {unknown}
 m - a scroll of enchant weapon {unknown}
Potions
 k - 2 potions of lignification {unknown}


   Skills:
 + Level 2.5 Fighting
 + Level 2.5 Short Blades
 + Level 2.0 Throwing
 + Level 1.3 Dodging
 + Level 4.8 Stealth


You had 3 spell levels left.
You didn't know any spells.
Your spell library contained the following spells:

 Spells                   Type           Power      Damage    Failure   Level
 Apportation              Tloc           0%         N/A       36%         1
 Conjure Flame            Conj/Fire      0%         6-21      75%         3
 Ignite Poison            Fire/Tmut/Pois 0%         N/A       75%         3
 Leda's Liquefaction      Hex/Erth       0%         N/A       98%         4
 Sticky Flame             Conj/Fire      0%         2d3       98%         4
 Manifold Assault         Tloc           0%         N/A       100%        5
 Silence                  Hex/Air        0%         N/A       100%        5


Dungeon Overview and Level Annotations

Branches:
Dungeon (4/15)
 Temple: D:4-7

Altars:


Innate Abilities, Weirdness & Mutations

Your plain brown scales are hard. (AC +5)
You cannot fit into any form of body armour.
You are cold-blooded and may be slowed by cold attacks.


Message History

The gnoll is heavily wounded.
The gnoll closely misses you. x3
You closely miss the gnoll.
The gnoll is heavily wounded.
The giant cockroach splashes around in the water.
The gnoll closely misses you. The gnoll hits you with a +0 club.
* * * LOW HITPOINT WARNING * * *
The gnoll closely misses you.
You barely miss the gnoll.
The gnoll is heavily wounded.
The giant cockroach splashes around in the water.
The gnoll hits you but does no damage. The gnoll misses you.
The gnoll hits you from afar with a +0 spear.
* * * LOW HITPOINT WARNING * * *
You barely miss the gnoll.
The gnoll is heavily wounded.
The giant cockroach splashes around in the water.
The gnoll hits you but does no damage. The gnoll barely misses you.
You barely miss the gnoll.
The gnoll is heavily wounded.
The giant cockroach bites you but does no damage.
The gnoll barely misses you.
You hit the gnoll but do no damage.
You tail-slap the gnoll, but do no damage.
The gnoll is heavily wounded.
The giant cockroach bites you but does no damage.
The gnoll barely misses you. x2; The gnoll hits you but does no damage.
The giant cockroach closely misses you.
You hit the gnoll.
You tail-slap the gnoll, but do no damage.
The gnoll is almost dead.
The gnoll closely misses you. The gnoll hits you with a +0 club.
* * * LOW HITPOINT WARNING * * *
The gnoll barely misses you. The giant cockroach barely misses you.
You barely miss the gnoll.
The gnoll is almost dead.
The gnoll hits you with a +0 club.
* * * LOW HITPOINT WARNING * * *
The gnoll hits you with a +0 club.
You die...

..# #.# #)# #.###
### #.# #.# #...#
#.# #.# ####.##
###.###.# #.....)
#.......# #.#..##
##### #.#.#...#
#.#.## ....#
#.#.#.†.# #.#.#
....#
#######.#.#...#
#.#<# ....#
......g@g.....#
#.### ....#
#######B####..####.#
....# ..g. #..#....#
....# #..~...
#..#.#### ....#
##.~..####...# ....#
#.~.## ##### .....
#.~.# ####. ##~.#


You could see 3 gnolls and a giant cockroach.

Vanquished Creatures
  Terence (D:2)
  A gnoll (D:2)
  3 dart slugs
  6 bats
  2 endoplasms
  2 giant cockroaches (D:3)
  8 goblins
  6 hobgoblins
  3 kobolds
  2 quokkas
  3 ball pythons
  3 frilled lizards
  4 rats
44 creatures vanquished.

Vanquished Creatures (others)
  A fungus (D:2)
  9 plants (D:2)
10 creatures vanquished.

Grand Total: 54 creatures vanquished

Notes
Turn   | Place    | Note
-------+----------+-------------------------------------------
     0 | D:1      | xian the Draconian Brigand began the quest for the Orb.
     0 | D:1      | Reached XP level 1. HP: 17/17 MP: 1/1
   218 | D:1      | Reached skill level 4 in Stealth
   289 | D:1      | Reached XP level 2. HP: 18/24 MP: 2/2
   657 | D:1      | Reached skill level 1 in Dodging
   685 | D:1      | Got Sif Muna's Papyrus of Dimensional Hexing
   969 | D:2      | Noticed Terence
   971 | D:2      | Killed Terence
   972 | D:2      | Reached XP level 3. HP: 30/30 MP: 3/3
  1125 | D:2      | Reached XP level 4. HP: 9/37 MP: 4/4
  1128 | D:2      | You fall into a shaft and drop 2 floors!
  2099 | D:2      | Slain by a gnoll

Illustrated notes

Levels and vault maps discovered:
D:1:      psy_arrival_radial02, layout_rooms, minmay_misc_feat_secret_circle,
          nrook_loot_triangle, lemuel_old_faithful
D:2:      layout_basic, shapermc_ecumenical_altar_hornbeckon, basic_altar,
          uniq_terence, uniq_natasha
D:3:      layout_loops_corners, minmay_misc_feat_columns
D:4:      layout_layer_cave, minmay_temple_entry_arrows, uniq_pikel,
          uniq_edmund, uniq_grinder, uniq_sigmund

Skill      XL: |  1  2  3 |
---------------+----------+-----
Stealth        | 4 |  4.8
Dodging        | 1 |  1.3
Throwing       | 2 |  2.0
Fighting       | |  2.5
Short Blades   | |  2.5

Action                   |  1- 3 |  4- 6 || total
-------------------------+-------+-------++-------
Melee: Dagger            |    91 |    46 ||   137
       Tailslap          |    10 |     6 ||    16
  Use: Potion            |       |     1 ||     1
 Stab: Sleeping          |     3 |     4 ||     7
Armor: Skin              |    26 |    16 ||    42
Dodge: Dodged            |    66 |    39 ||   105
